 Dungeon Crawl Stone Soup version 0.23-b1-6-ga921848b48 (webtiles) character file.

Game seed: 12715238374525097722

110084 Infinimo the Minotaur Blade (level 16, -5/154 HPs)
             Began as a Minotaur Berserker on Feb 1, 2019.
             Was the Champion of Trog.
             Killed from afar by Nikola (16 damage)
             ... with a chain lightning
             ... on level 1 of the Swamp on Feb 2, 2019.
             The game lasted 00:57:05 (29340 turns).

Infinimo the Minotaur Blade (Minotaur Berserker)   Turns: 29340, Time: 00:57:06

Health: -5/154     AC: 30    Str: 26    XL:     16   Next: 6%
Magic:  15/15      EV:  8    Int:  8    God:    Trog [******]
Gold:   460        SH: 12    Dex: 13    Spells: 15/15 levels left

rFire    + . .     SeeInvis .   g - +0 demon blade (elec)
rCold    . . .     Gourm    .   J - +0 shield
rNeg     . . .     Faith    .   V - +5 plate armour of the Tired Lovers {Int+2 Dex+2}
rPois    +         Spirit   .   (helmet unavailable)
rElec    .         Reflect  .   K - +2 cloak
rCorr    .         Harm     .   R - +0 pair of gloves
MR       +....     Clarity  +   U - +1 pair of boots {run}
Stlth    ..........             (no amulet)
HPRegen  0.35/turn              A - ring of poison resistance
MPRegen  0.14/turn              H - ring of protection from fire

@: berserk cooldown, slowed, studying Polearms, very slow
A: retaliatory headbutt, horns 3, clarity
a: Berserk, Trog's Hand, Brothers in Arms, Renounce Religion


You were on level 1 of the Swamp.
You worshipped Trog.
Trog was exalted by your worship.
You were near starving.

You visited 4 branches of the dungeon, and saw 24 of its levels.
You visited 1 bazaar.
You also visited: Ossuary.

You collected 2326 gold pieces.
You spent 1866 gold pieces at shops.

Inventory:

Hand Weapons
 e - a +0 scimitar of flaming
 g - a +0 demon blade of electrocution (weapon)
 x - a +1 antimagic scimitar
 L - a +5 triple sword of flaming
 M - the +9 sword of Zonguldrok {reap}
   (You found it on level 1 of the Lair of Beasts)

   If a monster killed with it leaves a corpse in good enough shape, the corpse
   will be animated as a zombie friendly to the killer.
Armour
 J - a +0 shield (worn)
 K - a +2 cloak (worn)
 R - a +0 pair of gloves (worn)
 U - a +1 pair of boots of running (worn)
 V - the +5 plate armour of the Tired Lovers (worn) {Int+2 Dex+2}
   (You bought it in a shop on level 2 of the Orcish Mines)

   It affects your intelligence (+2).
   It affects your dexterity (+2).
Jewellery
 A - a ring of poison resistance (left hand)
 G - an uncursed ring of protection from cold
 H - a ring of protection from fire (right hand)
 S - a +5 ring of slaying {unknown}
Wands
 a - a wand of digging (8)
 j - a wand of disintegration (25)
 n - a wand of clouds (14)
 r - a wand of iceblast (33)
 y - a wand of acid (49)
Scrolls
 h - 6 scrolls of fear
 k - 12 scrolls of teleportation
 l - 7 scrolls of blinking
 o - 10 scrolls of remove curse
 p - 4 scrolls of immolation
 B - 6 scrolls of identify
 D - 2 scrolls of enchant armour
 N - a scroll of magic mapping
 O - 3 scrolls of fog
 P - 2 scrolls of summoning
Potions
 b - 4 potions of mutation
 d - 3 potions of resistance
 f - 3 potions of magic
 i - 9 potions of curing
 m - 11 potions of heal wounds
 q - a potion of lignification
 s - 3 potions of flight
 u - 3 potions of brilliance
 v - 4 potions of agility
 w - 2 potions of berserk rage
 z - a potion of ambrosia
 C - 6 potions of haste
 E - 2 potions of might
 F - a potion of cancellation
 Q - 2 potions of invisibility
Books
 t - a manual of Polearms
Comestibles
 c - 34 rations


   Skills:
 + Level 16.9 Fighting
 + Level 21.8 Long Blades
 - Level 16.0 Armour
 - Level 2.1 Dodging
 * Level 8.2 Shields


You had 15 spell levels left.
You didn't know any spells.
Your spell library was empty.

Dungeon Overview and Level Annotations

Branches:
Dungeon (15/15)            Temple (0/1) D:6            Lair (6/6) D:10
  Swamp (1/4) Lair:4        Snake (0/4) Lair:3        Slime (0/5) Lair:6
    Orc (2/2) D:12            Elf (0/3) Orc:2        Vaults (0/5) D:13
 Depths (0/5) D:15

Altars:
Dithmenos
Elyvilon
Gozag
Kikubaaqudgha
Makhleb
Okawaru
Qazlal
Trog
Uskayaw
Wu Jian
Xom
Yredelemnul
Beogh

Shops:
D:11 [   Orc:2 [}?!((

Portals:
Pandemonium: Orc:2

Annotations:
Lair:6 exclusion: oklob plant
Swamp:1 Nikola


Innate Abilities, Weirdness & Mutations

You reflexively headbutt those who attack you in melee.
You have a pair of large horns on your head.
You possess an exceptional clarity of mind.


Message History

Nikola closely misses you. You furiously retaliate!
You headbutt Nikola, but do no damage.
You riposte.
You slash Nikola!
Nikola is almost dead.
You feel much better. Nikola gestures at you while chanting.
The bolt of lightning hits you!!
You slash Nikola!
Nikola is almost dead.
Nikola gestures wildly while chanting.
Nikola blinks!
A slime creature comes into view.
Nikola is almost dead.
Nikola gestures wildly while chanting.
You hear a mighty clap of thunder!
The lightning arc hits you!!
* * * LOW HITPOINT WARNING * * *
The lightning arc hits Nikola.
The lightning arc hits you!!
* * * LOW HITPOINT WARNING * * *
The lightning arc hits Nikola.
The lightning arc hits you!
You die...

♣ .≈...≈ .≈≈≈≈ ♣ ≈≈≈≈..
.≈≈♣♣ ♣ ≈≈≈≈≈≈♣♣.≈≈≈♣ ♣
≈≈≈≈≈≈.≈≈...≈
≈≈≈≈≈.?.≈...♣♣
≈≈≈≈≈.≈>.♣♣..♣♣♣
♣.≈≈≈..♣..≈.≈..♣♣ ♣♣
♣.≈≈≈≈≈≈........♣♣♣ .♣♣♣
♣≈.≈≈≈≈.♣♣@.....≈≈. .≈≈♣♣
♣≈..≈≈≈≈.@...≈≈.... ..≈≈♣
♣♣...>≈≈≈≈≈≈...≈.. .
...§♣♣♣♣≈.....≈≈≈≈≈≈..≈.♣..
≈≈≈♣♣♣....≈≈≈.≈≈≈≈≈.≈§.....
...♣♣.≈≈≈..≈≈.[....≈♣♣..≈♣=
.≈≈...≈≈≈..)..≈≈≈...≈≈...≈≈
≈≈≈≈.....≈♣♣≈..≈..J)....≈≈≈
.≈≈..♣♣≈.≈♣♣♣≈.≈..†.♣≈≈♣..≈


You could see Nikola and a slime creature.

Vanquished Creatures
  Frances (D:13)
  2 thorn hunters (Swamp:1)
  A fire giant (D:15)
  Azrael (D:13)
  Josephine (Lair:6)
  The ghost of Kisielow the Carver, a journeyman MiFi of Okawaru (Lair:1)
  7 hydras
  A catoblepas (D:14)
  Erica (D:8)
  4 centaur warriors
  2 two-headed ogres
  5 alligators (Swamp:1)
  2 death knights
  4 death yaks
  Urug (Lair:4)
  A tengu warrior (D:13)
  7 orc high priests (Orc:2)
  A soul eater (Orc:2)
  6 skeletal warriors
  4 unseen horrors
  The ghost of Morbidden the Chopper, a novice FoFi of Cheibriados (D:5)
  An infernal demonspawn (Orc:2)
  A torturous demonspawn (Orc:2)
  A spriggan druid (Swamp:1)
  6 orc knights
  3 swamp dragons (Swamp:1)
  Pikel (D:4)
  9 orc sorcerers
  A salamander (shapeshifter) (D:15)
  2 ugly things
  A deep elf mage (D:14)
  4 cyclopes
  6 elephants (Lair:5)
  Maurice (D:9)
  A rust devil (Orc:2)
  8 black mambas
  Joseph (D:9)
  4 centaur zombies
  Psyche (D:9)
  22 spiny frogs
  2 gargoyles
  An orange demon (Orc:2)
  5 kobold demonologists
  2 rime drakes (Lair:5)
  2 freezing wraiths
  3 komodo dragons
  A hellwing (Orc:2)
  An ice devil (Orc:2)
  A harpy zombie (D:12)
  4 hornets
  A queen bee (Lair:1)
  5 trolls
  6 tyrant leeches
  24 blink frogs
  6 meliai (D:14)
  Prince Ribbit (D:5)
  9 hippogriffs
  4 slime creatures (D:15)
  A bog body (Swamp:1)
  A ynoxinul (Orc:2)
  A centaur simulacrum (D:14)
  A shadow (Swamp:1)
  5 fire elementals (D:13)
  2 vampires
  19 yaks
  2 wyverns
  10 wraiths
  Eustachio (D:4)
  Grum (D:9)
  4 basilisks
  3 hungry ghosts
  10 vampire mosquitoes
  4 swamp worms
  2 acid dragons
  5 wargs
  3 nagas (Lair:3)
  10 water moccasins
  A soldier ant (D:15)
  A swamp drake (Swamp:1)
  5 porcupines
  A sky beast (D:14)
  6 ice beasts
  40 orc warriors
  A black bear (D:8)
  2 eyes of draining
  3 phantoms
  12 ogres
  3 boggarts (D:15)
  9 wolves
  18 centaurs
  6 big kobolds
  8 crocodiles
  19 bullfrogs
  A gnoll sergeant (D:9)
  2 wyvern skeletons
  8 scorpions
  26 killer bees
  2 electric eels
  19 wights
  2 howler monkeys
  10 crimson imps
  A quasit (D:9)
  A bullfrog zombie (D:13)
  2 human zombies (Ossuary)
  A bullfrog skeleton (D:8)
  8 centaur skeletons
  26 orc priests
  7 hounds
  5 iguanas
  5 jellies
  28 orc wizards
  Ijyb (D:4)
  9 worker ants
  A big kobold zombie (Ossuary)
  2 hound zombies
  2 mummies (Ossuary)
  2 worker ant zombies
  6 gnolls
  10 adders
  A river rat (D:6)
  4 shadow imps
  2 oozes
  3 adder skeletons
  An adder zombie (D:5)
  A dart slug (D:4)
  A worm (D:2)
  6 leopard geckos
  123 orcs
  8 giant cockroaches
  6 goblins
  4 hobgoblins
  9 jackals
  11 kobolds
  2 quokkas
  4 ball pythons
  5 bats
  A frilled lizard (D:3)
  14 hobgoblin zombies (Ossuary)
  9 kobold zombies (Ossuary)
  A leopard gecko skeleton (D:6)
  8 orc zombies (Ossuary)
  15 rats
  3 rat zombies (Ossuary)
855 creatures vanquished.

Vanquished Creatures (collateral kills)
  The ghost of stillor the Fighter, a novice DsFi of Okawaru (D:9)
  2 kobold demonologists (D:9)
  4 big kobolds (D:9)
7 creatures vanquished.

Vanquished Creatures (others)
  An orc wizard (D:10)
  17 fungi
  37 plants
55 creatures vanquished.

Grand Total: 917 creatures vanquished

Notes
Turn   | Place    | Note
-------+----------+-------------------------------------------
     0 | D:1      | Infinimo the Minotaur Berserker began the quest for the
                  | Orb.
     0 | D:1      | Reached XP level 1. HP: 19/19 MP: 0/0
   131 | D:1      | Reached skill level 4 in Long Blades
   131 | D:1      | Reached XP level 2. HP: 17/27 MP: 1/1
   696 | D:2      | Reached XP level 3. HP: 33/33 MP: 2/2
   852 | D:2      | Reached ** piety under Trog
   903 | D:2      | Reached XP level 4. HP: 40/40 MP: 3/3
   904 | D:2      | Reached skill level 5 in Long Blades
  1446 | D:3      | Found a stormy altar of Qazlal.
  1660 | D:3      | Reached XP level 5. HP: 46/47 MP: 4/4
  1741 | D:3      | Found a shimmering altar of Xom.
  2054 | D:3      | Found a shadowy altar of Dithmenos.
  2189 | D:4      | Noticed a slave
  2190 | D:4      | Noticed a slave
  2191 | D:4      | Noticed a slave
  2253 | D:4      | Found an ornate altar of the Wu Jian Council.
  2367 | D:4      | Noticed Eustachio
  2369 | D:4      | Noticed Ijyb
  2374 | D:4      | Killed Eustachio
  2374 | D:4      | Reached skill level 5 in Fighting
  2374 | D:4      | Reached skill level 6 in Long Blades
  2374 | D:4      | Reached XP level 6. HP: 53/56 MP: 5/5
  2380 | D:4      | Killed Ijyb
  2593 | D:4      | Reached skill level 7 in Long Blades
  2745 | D:4      | Noticed a slave
  2746 | D:4      | Noticed Pikel
  2832 | D:4      | Killed Pikel
  2832 | D:4      | Reached skill level 8 in Long Blades
  2832 | D:4      | Reached skill level 5 in Armour
  2832 | D:4      | Reached XP level 7. HP: 53/64 MP: 6/6
  2914 | D:4      | Reached *** piety under Trog
  3149 | D:5      | Entered Level 5 of the Dungeon
  3173 | D:5      | Reached XP level 8. HP: 61/71 MP: 7/7
  3406 | D:5      | Reached skill level 9 in Long Blades
  3664 | D:5      | Found a white marble altar of Elyvilon.
  3665 | D:5      | Found an opulent altar of Gozag.
  3676 | D:5      | Found a large runed translucent door.
  3676 | D:5      | Found a large runed translucent door.
  3738 | D:5      | Noticed Morbidden's ghost (novice FoFi)
  4033 | D:5      | Noticed Prince Ribbit
  4042 | D:5      | Killed Prince Ribbit
  4042 | D:5      | Reached skill level 10 in Long Blades
  4162 | D:5      | Killed Morbidden's ghost
  4162 | D:5      | Reached XP level 9. HP: 77/81 MP: 8/8
  4359 | D:6      | Reached skill level 11 in Long Blades
  4361 | D:6      | Reached **** piety under Trog
  4404 | D:6      | Found an iron altar of Okawaru.
  4612 | D:6      | Found a staircase to the Ecumenical Temple.
  5713 | D:7      | Found a burning altar of Makhleb.
  5979 | D:7      | Reached ***** piety under Trog
  6011 | D:7      | Found a basalt altar of Yredelemnul.
  6028 | D:7      | Reached skill level 12 in Long Blades
  6676 | D:8      | Found a hide-covered altar of Uskayaw.
  6685 | D:8      | Found Piablum's Food Boutique.
  6689 | D:8      | Reached XP level 10. HP: 84/91 MP: 9/9
  6716 | D:8      | Noticed Erica
  6729 | D:8      | Killed Erica
  6913 | D:8      | Found a sand-covered staircase.
  6917 | Ossuary  | Entered an ossuary
  6980 | Ossuary  | Received a gift from Trog
  7327 | D:8      | Found a bloodstained altar of Trog.
  7356 | D:8      | Reached skill level 13 in Long Blades
  7380 | D:9      | Noticed Maurice
  7445 | D:9      | Killed Maurice
  7445 | D:9      | Reached skill level 10 in Fighting
  7456 | D:9      | Noticed Grum
  7463 | D:9      | Killed Grum
  7648 | D:9      | Reached skill level 10 in Armour
  7674 | D:9      | Found an ancient bone altar of Kikubaaqudgha.
  7804 | D:9      | Noticed Psyche
  7810 | D:9      | Reached skill level 14 in Long Blades
  7812 | D:9      | Killed Psyche
  7877 | D:9      | Found a runed translucent gate.
  7877 | D:9      | Found a runed translucent gate.
  7877 | D:9      | Found a runed translucent gate.
  7877 | D:9      | Noticed stillor's ghost (novice DsFi)
  7896 | D:9      | Noticed Joseph
  7908 | D:9      | Killed Joseph
  7908 | D:9      | Reached XP level 11. HP: 101/101 MP: 10/10
  8348 | D:9      | Killed stillor's ghost
  8396 | D:10     | Entered Level 10 of the Dungeon
  8401 | D:10     | Received a gift from Trog
  8418 | D:10     | Killed an unseen horror
  8655 | D:10     | Found a staircase to the Lair.
  9035 | D:10     | Reached skill level 15 in Long Blades
  9355 | D:10     | Killed an unseen horror
  9483 | Lair:1   | Entered Level 1 of the Lair of Beasts
  9740 | Lair:1   | Found a transporter.
  9754 | Lair:1   | Found the +9 sword of Zonguldrok {reap}
  9828 | Lair:1   | Reached XP level 12. HP: 112/112 MP: 11/11
  9984 | Lair:1   | Reached skill level 16 in Long Blades
  9985 | Lair:1   | Received a gift from Trog
 10015 | Lair:1   | Found a transporter.
 10015 | Lair:1   | Noticed Kisielow's ghost (journeyman MiFi)
 10429 | Lair:1   | Killed Kisielow's ghost
 11949 | Lair:3   | Found a staircase to the Snake Pit.
 12722 | Lair:4   | Reached skill level 17 in Long Blades
 12725 | Lair:4   | Noticed a death yak
 12725 | Lair:4   | Noticed a death yak
 12726 | Lair:4   | Noticed a death yak
 12727 | Lair:4   | Noticed a death yak
 12782 | Lair:3   | Killed a death yak
 12784 | Lair:3   | Killed a death yak
 12786 | Lair:3   | Killed a death yak
 13434 | Lair:4   | Noticed Urug
 13456 | Lair:4   | Killed a death yak
 13963 | Lair:4   | Noticed a five-headed hydra
 13982 | Lair:4   | Killed a two-headed hydra
 14068 | Lair:4   | Noticed a seven-headed hydra
 14080 | Lair:4   | Killed a five-headed hydra
 14080 | Lair:4   | Reached XP level 13. HP: 99/122 MP: 12/12
 14283 | Lair:4   | Found a staircase to the Swamp.
 14355 | Lair:4   | Killed Urug
 15174 | Lair:5   | Reached skill level 18 in Long Blades
 16033 | Lair:6   | Entered Level 6 of the Lair of Beasts
 16201 | Lair:6   | Found a staircase to the Slime Pits.
 16242 | Lair:6   | Reached ****** piety under Trog
 16534 | Lair:6   | Received a gift from Trog
 16878 | Lair:6   | Reached skill level 19 in Long Blades
 16983 | Lair:6   | Noticed Josephine
 17002 | Lair:6   | Killed Josephine
 17778 | Lair:6   | Reached XP level 14. HP: 128/133 MP: 13/13
 19081 | D:11     | Found Tiq Iguf's Armour Emporium.
 19322 | D:11     | Bought a +0 pair of boots for 72 gold pieces
 19466 | D:12     | Received a gift from Trog
 19552 | D:12     | Found a staircase to the Orcish Mines.
 19560 | D:12     | Found a roughly hewn altar of Beogh.
 20068 | D:12     | Reached skill level 15 in Fighting
 20273 | D:13     | Reached skill level 20 in Long Blades
 20286 | D:13     | Reached skill level 15 in Armour
 20364 | D:13     | Noticed Frances
 20371 | D:13     | Killed Frances
 20834 | D:13     | Noticed Azrael
 20847 | D:13     | Killed Azrael
 20902 | D:13     | Gained mutation: You have a pair of large horns on your
                  | head. [potion of mutation]
 20902 | D:13     | Gained mutation: Your mind is acute. (Int +2) [potion of
                  | mutation]
 20902 | D:13     | Lost mutation: You have a pair of large horns on your head.
                  | [potion of mutation]
 20902 | D:13     | Gained mutation: You expend magic power (3 MP) to
                  | strengthen your wands. [potion of mutation]
 20903 | D:13     | Lost mutation: You expend magic power (3 MP) to strengthen
                  | your wands. [potion of mutation]
 20903 | D:13     | Lost mutation: Your mind is acute. (Int +2) [potion of
                  | mutation]
 20903 | D:13     | Gained mutation: You have a pair of large horns on your
                  | head. [potion of mutation]
 20903 | D:13     | Gained mutation: You possess an exceptional clarity of
                  | mind. [potion of mutation]
 21063 | D:13     | Found a gate to the Vaults.
 21543 | Orc:1    | Entered Level 1 of the Orcish Mines
 21564 | Orc:1    | Received a gift from Trog
 22122 | Orc:1    | Found a roughly hewn altar of Beogh.
 22525 | Orc:2    | Entered Level 2 of the Orcish Mines
 22548 | Orc:2    | Found a flickering gateway to a bazaar.
 22549 | Orc:2    | Found a staircase to the Elven Halls.
 22561 | Bazaar   | Entered a bazaar
 22567 | Bazaar   | Found Zaaq's Magic Scroll Shoppe.
 22578 | Bazaar   | Found Difiomm's Magic Scroll Shop.
 22585 | Bazaar   | Found Yhij's Antique Armour Emporium.
 22597 | Bazaar   | Found Toenar's Distillery.
 22604 | Bazaar   | Bought a potion of heal wounds for 75 gold pieces
 22604 | Bazaar   | Bought a potion of heal wounds for 75 gold pieces
 22604 | Bazaar   | Bought a potion of heal wounds for 75 gold pieces
 22604 | Bazaar   | Bought a potion of heal wounds for 75 gold pieces
 22604 | Bazaar   | Bought a potion of curing for 45 gold pieces
 22604 | Bazaar   | Bought a potion of curing for 45 gold pieces
 22629 | Bazaar   | Bought a scroll of teleportation for 36 gold pieces
 22629 | Bazaar   | Bought a scroll of teleportation for 36 gold pieces
 22629 | Bazaar   | Bought a scroll of blinking for 90 gold pieces
 22692 | Orc:2    | Found Oras's Antique Weapon Shoppe.
 22798 | Orc:2    | Reached XP level 15. HP: 57/143 MP: 14/14
 23138 | Orc:2    | Found Inifatud's Weapon Shoppe.
 23356 | Orc:2    | Found Cogeig's Magic Scroll Shop.
 23694 | Orc:2    | Found Lotrehom's Distillery.
 23874 | Orc:2    | Reached skill level 21 in Long Blades
 23943 | Orc:2    | Received a gift from Trog
 24682 | Orc:2    | Paralysed by an orc sorcerer for 3 turns
 25178 | Orc:2    | Found Xubudech's Gadget Shoppe.
 25178 | Orc:2    | Found a one-way gate leading to the halls of Pandemonium.
 25178 | Orc:2    | Found Foixt's Antique Armour Emporium.
 25182 | Orc:2    | Bought a pair of embroidered boots for 262 gold pieces
 25182 | Orc:2    | Bought a ruby-encrusted plate armour for 980 gold pieces
 25192 | Orc:2    | Identified a +1 pair of boots of running (You bought it in
                  | a shop on level 2 of the Orcish Mines)
 25204 | Orc:2    | Identified the +5 plate armour of the Tired Lovers {Int+2
                  | Dex+2} (You bought it in a shop on level 2 of the Orcish
                  | Mines)
 25310 | D:14     | Reached skill level 1 in Shields
 25675 | D:14     | Found a basalt altar of Yredelemnul.
 25902 | D:14     | Received a gift from Trog
 25905 | D:14     | Got a crude falchion {god gift}
 25906 | D:14     | Identified the +7 falchion of the Thoughtful Beds {venom,
                  | MR- Str+3 Int+6} (Trog gifted it to you on level 14 of the
                  | Dungeon)
 26465 | D:15     | Entered Level 15 of the Dungeon
 26680 | D:15     | Reached skill level 5 in Shields
 26748 | D:15     | Found a staircase to the Depths.
 27253 | D:15     | Noticed a fire giant
 27823 | D:15     | Killed a fire giant
 28195 | Swamp:1  | Entered Level 1 of the Swamp
 28323 | Swamp:1  | Noticed a thorn hunter
 28335 | Swamp:1  | Killed a thorn hunter
 28633 | Swamp:1  | Noticed a thorn hunter
 28640 | Swamp:1  | Killed a thorn hunter
 28642 | Swamp:1  | Reached XP level 16. HP: 154/154 MP: 15/15
 28673 | Swamp:1  | Noticed Nikola
 29340 | Swamp:1  | Killed from afar by Nikola

Skill      XL: |  1  2  3  4  5  6  7  8  9 10 11 12 13 14 15 16 |
---------------+-------------------------------------------------+-----
Long Blades    | 4 5 6 8 10 12 14 15 17 19 20 21 | 21.8
Fighting       | 4 5 6 8 9 10 12 13 14 15 16 | 16.9
Armour         | 3 4 5 6 7 9 10 11 13 14 15 16 | 16.0
Shields        | 7 8 |  8.2
Dodging        | |  2.1

Action                   |  1- 3 |  4- 6 |  7- 9 | 10-12 | 13-15 | 16-18 || total
-------------------------+-------+-------+-------+-------+-------+-------++-------
Melee: Falchion          |    63 |   109 |   187 |       |       |       ||   359
       Headbutt          |     5 |    26 |    47 |    87 |   230 |    15 ||   410
       Scimitar          |       |       |    50 |    54 |    11 |       ||   115
       Great sword       |       |       |       |   310 |       |       ||   310
       Triple sword      |       |       |       |   133 |   831 |       ||   964
       Demon blade       |       |       |       |       |   297 |    46 ||   343
Invok: Berserk           |     1 |     2 |    12 |    18 |    26 |     2 ||    61
       Brothers in Arms  |       |       |       |     1 |       |       ||     1
  Use: Scroll            |     2 |     8 |     9 |     7 |     9 |     3 ||    38
       Potion            |       |       |       |     3 |     3 |     3 ||     9
  Eat: Chunk             |     1 |     6 |    19 |    20 |    56 |       ||   102
       Ration            |       |       |     2 |     6 |     5 |     1 ||    14
Armor: Animal skin       |     4 |       |       |       |       |       ||     4
       Chain mail        |     9 |       |       |       |       |       ||     9
       Ring mail         |    21 |    40 |    89 |    82 |       |       ||   232
       Plate armour      |       |       |       |   277 |   819 |    20 ||  1116
Dodge: Dodged            |    34 |    58 |    98 |   259 |   424 |    12 ||   885
Block: Shield            |       |       |       |       |   133 |    22 ||   155
       Rpst.: Falchion   |     9 |    18 |    12 |       |       |       ||    39
       Scimitar          |       |       |     7 |     6 |     1 |       ||    14
       Great sword       |       |       |       |    38 |       |       ||    38
       Triple sword      |       |       |       |    21 |    90 |       ||   111
       Demon blade       |       |       |       |       |     9 |     5 ||    14
